 Dungeon Crawl Stone Soup version 0.20-a0-1122-gb7cbeb9 (webtiles) character file.

73 Monsterracer the Magician (level 4, -4/24 HPs)
             Began as a Deep Elf Wizard on May 14, 2017.
             Killed from afar by Natasha (7 damage)
             ... with a magic dart
             ... on level 2 of the Dungeon.
             The game lasted 00:10:27 (2639 turns).

Monsterracer the Magician (Deep Elf Wizard)         Turns: 2639, Time: 00:10:29

Health: -4/24      AC:  3    Str:  4    XL:     4   Next: 8%
Magic:  4/12       EV: 11    Int: 26    God:
Gold:   142        SH:  0    Dex:  7    Spells: 3/12 levels left

rFire    . . .     SeeInvis .   f - -2 mace (curse)
rCold    . . .     Gourm    .   (no shield)
rNeg     . . .     Faith    .   a - +0 robe
rPois    .         Spirit   .   b - +1 hat
rElec    .         Reflect  .   (no cloak)
rCorr    .         Harm     .   (no gloves)
MR       +....     Rnd*Rage +   (no boots)
Stlth    +.........             (no amulet)
Regen    0.1/turn               k - -6 ring of dexterity (curse)
MPRegen  0.2/turn               (no ring)

@: heavily drained
A: berserk 1, clever 1, magic resistance 1
a: no special abilities


You were on level 2 of the Dungeon.
You were hungry.

You visited 1 branch of the dungeon, and saw 2 of its levels.

You collected 142 gold pieces.

Inventory:

Hand Weapons
 f - a cursed -2 mace (weapon)
 g - a +1 mace of holy wrath
 h - a +0 lajatang
Armour
 a - a +0 robe (worn)
 b - a +1 hat (worn)
Jewellery
 k - a cursed -6 ring of dexterity (left hand)
Scrolls
 j - a scroll of identify
Potions
 e - a potion of heal wounds
Books
 c - a book of Minor Magic

   Spells                             Type                      Level
   a - Magic Dart                     Conjuration                  1
   b - Blink                          Translocation                2
   c - Call Imp                       Summoning                    2
   d - Slow                           Hexes                        2
   e - Conjure Flame                  Conjuration/Fire             3
   f - Mephitic Cloud                 Conjuration/Poison/Air       3
Comestibles
 d - 3 bread rations


   Skills:
 - Level 2.4(1.2) Dodging
 - Level 2.4(1.2) Stealth
 + Level 4.8(3.5) Spellcasting
 * Level 3.6(2.3) Conjurations
   Level 1.1(0.0) Summonings
 - Level 1.1(0.0) Translocations
 + Level 0.2(0.0) Fire Magic
 + Level 1.1(0.0) Air Magic


You had 3 spell levels left.
You knew the following spells:

 Your Spells              Type           Power        Failure   Level  Hunger
a - Magic Dart            Conj           ###.         3%          1    None
b - Conjure Flame         Conj/Fire      ##......     16%         3    ##.....
c - Mephitic Cloud        Conj/Pois/Air  #.......     19%         3    ##.....
d - Blink                 Tloc           N/A          14%         2    #......


Dungeon Overview and Level Annotations

Branches:
Dungeon (2/15)

Altars:
Dithmenos
Hepliaklqana

Annotations:
D:2 1 runed door, Natasha


Innate Abilities, Weirdness & Mutations

You tend to lose your temper in combat.
Your mind is acute. (Int +2)
You are resistant to hostile enchantments. (MR+)


Message History

Natasha claws you but does no damage. Natasha casts a spell at you.
The magic dart hits you!
Natasha mumbles some strange words.
You feel troubled.
Natasha stares at you and mumbles some strange words.
The magic dart hits you!
* * * LOW HITPOINT WARNING * * *
Casting: Mephitic Cloud
Confirm with . or Enter, or press ? or * to list all spells.
Okay, then.
Casting: Mephitic Cloud
Confirm with . or Enter, or press ? or * to list all spells.
You blink.
You are feeling hungry.
Your magical contamination has completely faded away.
You see here a +0 dagger.
Natasha stares at you and mumbles some strange words.
The magic dart hits you!
You die...

...†..##.....###....#*,*,*
......###...## ######*,*,*
.....## ###.## **##,,*,*
.....## #.h## *..,,**,*
......# ##..# *.#****,*
......#######)####.# *,*
......##...........## *,*
)...§§#.............## *,*
..§§#§#.........@....#**,*
..§#§§§#.........<...#*,,*
.)#§#§#§#....).......#,,**
#.§§§§.§.............#,**
#§#§#§#.#............#.#
#.##§§§#.............#.#
..###§#§..........".##.# .##
#........#.....###.###
########.#########.......###


You could see Natasha.

Vanquished Creatures
  3 adders (D:2)
  An ooze (D:1)
  3 worms (D:2)
  A leopard gecko (D:1)
  A giant cockroach (D:1)
  4 goblins
  4 hobgoblins
  2 kobolds
  5 bats
  5 frilled lizards
  7 rats
36 creatures vanquished.

Notes
Turn   | Place    | Note
-------+----------+-------------------------------------------
     0 | D:1      | Monsterracer the Deep Elf Wizard began the quest for the Orb.
     0 | D:1      | Reached XP level 1. HP: 10/10 MP: 7/7
   355 | D:1      | Gained mutation: You tend to lose your temper in combat. [potion of mutation]
   355 | D:1      | Gained mutation: You are resistant to hostile enchantments. (MR+) [potion of mutation]
   355 | D:1      | Gained mutation: Your mind is acute. (Int +2) [potion of mutation]
   367 | D:1      | Reached XP level 2. HP: 15/15 MP: 1/9
   437 | D:1      | Learned a level 2 spell: Blink
   963 | D:2      | Found a shadowy altar of Dithmenos.
  1256 | D:2      | Reached XP level 3. HP: 19/19 MP: 2/11
  1261 | D:2      | Learned a level 3 spell: Conjure Flame
  1265 | D:2      | Learned a level 3 spell: Mephitic Cloud
  1759 | D:2      | Found a hazy altar of Hepliaklqana.
  2028 | D:2      | Found a runed door.
  2439 | D:2      | Reached skill level 1 in Air Magic
  2526 | D:2      | Reached XP level 4. HP: 24/24 MP: 4/12
  2598 | D:2      | Noticed Natasha
  2639 | D:2      | Killed from afar by Natasha

Vault maps used:
D:1:      minmay_arrival_arboretum_large, minmay_tree_intersection
D:2:      lemuel_doored_altar, grunt_dithmenos_smoke_and_mirrors, first_bread,
          uniq_natasha, uniq_terence, uniq_crazy_yiuf_cottage

Skill      XL: |  1  2  3 |
---------------+----------+-----
Conjurations   | 2 3 |  3.6
Air Magic      | 1 |  1.1
Dodging        | |  2.4
Stealth        | |  2.4
Spellcasting   | |  4.8
Summonings     | |  1.1
Translocations | |  1.1
Fire Magic     | |  0.2

Action                   |  1- 3 |  4- 6 || total
-------------------------+-------+-------++-------
Melee: Unarmed           |     3 |       ||     3
       Dagger            |    21 |       ||    21
 Cast: Magic Dart        |   126 |    10 ||   136
       Conjure Flame     |     3 |       ||     3
       Blink             |     2 |     1 ||     3
       Mephitic Cloud    |     1 |       ||     1
  Use: Potion            |     5 |       ||     5
       Scroll            |     5 |       ||     5
  Eat: Chunk             |     5 |       ||     5
Armor: Robe              |     8 |     2 ||    10
Dodge: Dodged            |    30 |     2 ||    32
